 Dungeon Crawl Stone Soup version 0.31-a0-879-g1609e0ac53 (webtiles) character file.

Game seed: 6630394811634067464

155 gruber the Conjurer (level 4, 0/33 HPs)
             Began as a Demigod Conjurer on Oct 14, 2023.
             Succumbed to a kobold's poison
             ... on level 3 of the Dungeon.
             The game lasted 00:02:09 (2870 turns).

gruber the Conjurer (Demigod Conjurer)              Turns: 2870, Time: 00:02:10

Health: 0/33       AC:  6    Str:  8    XL:     4   Next: 90%
Magic:  9/9        EV: 12    Int: 24    God:
Gold:   120        SH:  0    Dex: 12    Spells: 3/6 levels left

rFire   . . .        f - +0 dagger (speed)
rCold   . . .        (no shield)
rNeg    . . .        a - +0 robe
rPois   .            (no helmet)
rElec   .            (no cloak)
rCorr   .            (no gloves)
SInv    .            (no boots)
Will    +....        (no amulet)
Stlth   ++           o - +4 ring of protection
HPRegen 0.25/turn    e - ring of willpower
MPRegen 0.11/turn

%: no passive effects
@: lethally poisoned (0 -> -1)
A: high MP 1, forlorn, divine attributes
a: no special abilities


You were on level 3 of the Dungeon.
You visited 1 branch of the dungeon, and saw 3 of its levels.

You collected 120 gold pieces.

Inventory:

Hand Weapons
 f - a +0 dagger of speed (weapon)
Armour
 a - a +0 robe (worn)
 c - a +2 leather armour of cold resistance
Jewellery
 e - a ring of willpower (right hand)
 o - a +4 ring of protection (left hand)
Scrolls
 d - 2 scrolls of identify {unknown}
 g - 3 scrolls of teleportation {unknown}
 h - a scroll of fear {unknown}
 i - a scroll of enchant armour {unknown}
 j - a scroll of poison {unknown}
 k - 3 scrolls of revelation {unknown}
 q - a scroll of amnesia {unknown}
Potions
 b - a potion of magic
 l - 2 potions of haste {unknown}
 m - a potion of berserk rage {unknown}
 n - a potion of curing {unknown}
 p - 2 potions of degeneration {unknown}


   Skills:
 - Level 1.7 Dodging
 - Level 1.7 Stealth
 - Level 1.7 Spellcasting
 + Level 5.9 Conjurations


You had 3 spell levels left.
You knew the following spells:

 Your Spells              Type           Power      Damage    Failure   Level
a - Magic Dart            Conj           100%       1d8       1%          1
b - Searing Ray           Conj           60%        2d6       1%          2

Your spell library contained the following spells:

 Spells                   Type           Power      Damage    Failure   Level
 Dazzling Flash           Conj/Hex       32%        N/A       11%         3
 Blink                    Tloc           4%         N/A       19%         2
 Sublimation of Blood     Necr           2%         N/A       19%         2
 Wereblood                Tmut           2%         N/A       19%         2
 Fulminant Prism          Conj/Hex       8%         3d7       36%         4
 Iskenderun's Mystic Bla  Conj/Tloc      16%        2d5       36%         4
 Manifold Assault         Tloc           2%         N/A       77%         4
 Summon Hydra             Summ           1%         N/A       100%        7


Dungeon Overview and Level Annotations

Branches:
Dungeon (3/15)


Innate Abilities, Weirdness & Mutations

You have an increased reservoir of magic. (+10% MP)
You shall have no god before yourself.
Your divine heritage dramatically boosts your attributes as you level up.


Message History

You see here 2 stones.
You hear the quick rusting of a very distant drain.
The orc wizard gestures at you while chanting.
You resist with almost no effort.
The orc priest shouts!
The orc priest calls down the wrath of Beogh upon you.
Beogh smites you!
The orc priest looks encouraged for a moment.
A kobold comes into view.
It is wielding a +0 short sword and carrying a wand of light.
The orc wizard gestures at you while chanting.
You resist with almost no effort.
A kobold comes into view.
It is wielding a +0 club and quivering poisoned darts.
The orc priest begins to cast a cantrip, but forgets the words!
The kobold shouts!
The orc priest looks satisfied for a moment.
The orc priest invokes the aid of Beogh against you.
Beogh smites you!
* * * LOW HITPOINT WARNING * * *
A quokka comes into view.
The orc priest miscasts a cantrip.
There is an open door here.
The kobold throws a poisoned dart.
The poisoned dart hits you!
You are lethally poisoned!
* * * LOW HITPOINT WARNING * * *
You feel sick.
A goblin comes into view. It is wielding a +0 club.
* * * LOW HITPOINT WARNING * * *
You feel sick.
The goblin shouts!
The quokka barely misses you.
* * * LOW HITPOINT WARNING * * *
You feel sick.
The quokka bites you but does no damage.
* * * LOW HITPOINT WARNING * * *
You feel sick.
* * * LOW HITPOINT WARNING * * *
You feel sick. The quokka attacks as it pursues you!
The quokka bites you but does no damage.
The kobold throws a poisoned dart.
The poisoned dart misses you.
You die...

#### # #..
#.## ..####
#...###....
#@#..##
##.r..##
#...g.##.#
##.......#
##.######
#.# #K#
##'## ##
##...####
..


You could see a quokka and a goblin.

Vanquished Creatures
  An orc priest (D:3)
  Terence (D:3)
  An orc wizard (D:3)
  2 adders (D:2)
  A worm (D:2)
  2 orcs (D:3)
  6 endoplasms
  A giant cockroach (D:2)
  6 goblins
  5 hobgoblins
  5 jackals
  3 quokkas (D:1)
  6 ball pythons
  5 frilled lizards
  3 kobolds (D:1)
  6 rats
54 creatures vanquished.

Notes
Turn   | Place    | Note
-------+----------+-------------------------------------------
     0 | D:1      | gruber the Demigod Conjurer began the quest for the Orb.
     0 | D:1      | Reached XP level 1. HP: 14/14 MP: 5/5
   379 | D:1      | Reached skill level 4 in Conjurations
   669 | D:1      | Reached XP level 2. HP: 20/20 MP: 2/7
  1702 | D:2      | Reached XP level 3. HP: 16/26 MP: 0/8
  2021 | D:2      | Reached skill level 5 in Conjurations
  2311 | D:2      | Learned a level 2 spell: Searing Ray
  2690 | D:3      | Noticed Terence
  2713 | D:3      | Killed Terence
  2714 | D:3      | Reached XP level 4. HP: 28/33 MP: 2/9
  2869 | D:3      | HP: 1/33 [poisoned by a kobold]
  2870 | D:3      | Succumbed to a kobold's poison

Illustrated notes

Levels and vault maps discovered:
D:1:      elethiomel_arrival_infinity_welcomes_careful_drivers,
          layout_loops_corners, nicolae_eternal_life
D:2:      layout_basic
D:3:      layout_loops_corners, gup_sewer_entry_bubbles,
          dreamdust_ecumenical_altar_statues, hangedman_decor_growths,
          dreamdust_princess_corridor, uniq_terence

Skill      XL: |  1  2  3 |
---------------+----------+-----
Conjurations   | 4 5 |  5.9
Dodging        | |  1.7
Stealth        | |  1.7
Spellcasting   | |  1.7

Action                     |  1- 3 |  4- 6 || total
---------------------------+-------+-------++-------
  Melee: Dagger            |    47 |    28 ||    75
   Cast: Magic Dart        |    91 |     2 ||    93
         Searing Ray       |     1 |     1 ||     2
 Armour: Robe              |    16 |     9 ||    25
  Dodge: Dodged            |    29 |    13 ||    42

Table legend: (Time is in decaauts)
 A = Elapsed time spent in this place.
 B = Non-inter-level travel time spent in this place.
 C = Inter-level travel time spent in this place.
 D = Time resting spent in this place.
 E = Time spent auto-exploring this place.
 F = Levels seen in this place.
 G = Mean time per level.
                   A        B        C        D        E       F      G
               +--------+--------+--------+--------+--------+-----+--------+
         Total |   2842 |   2703 |    139 |    182 |   2149 |   3 |  947.3 |
       Dungeon |   2842 |   2703 |    139 |    182 |   2149 |   3 |  947.3 |
               +--------+--------+--------+--------+--------+-----+--------+

Top non-repeatable levels by time:
     D:1: 1466 daAuts
     D:2: 888 daAuts
     D:3: 487 daAuts
